 Dungeon Crawl Stone Soup version 0.28-a0-194-g42b4daccc1 (console) character file.

Game seed: 17627376356264648550

452 FIQ the Magician (level 7, -6/42 (45) HPs)
             Began as a Djinni Fire Elementalist on Aug 18, 2021.
             Was a Priest of Ru.
             Killed by nerve-wracking pain
             ... invoked by a shadow imp
             ... summoned by Eustachio
              (10 damage)
             ... on level 4 of the Dungeon.
             The game lasted 00:07:33 (5589 turns).

FIQ the Magician (Djinni Fire Elementalist)         Turns: 5589, Time: 00:07:33

HP:   -6/42 (45)    AC:  4    Str:  7      XL:     7   Next: 25%
Gold: 202           EV: 11    Int: 18      God:    Ru [***...] SH:  0 Dex: 13 (14)

rFire   + . .      SeeInvis .   h - +0 mace (protect)
rCold   x . .      Faith    .   (no shield)
rNeg    . . .      Spirit   .   i - +1 leather armour {rC+}
rPois   ∞          Reflect  .   (no helmet)
rElec   .          Harm     .   (no cloak)
rCorr   .          Rampage  .   (no gloves)
Will    .....                   (boots unavailable)
Stlth   ..........              (no amulet)
HPRegen 0.14/turn               (no ring)
MPRegen 0.00/turn               (no ring)

@: flying, drained
A: sickness immunity, fire resistance 2, cold vulnerability 1, no stealth,
temperature sensitive, float, innate caster, hp casting, extra vitality 1
a: Renounce Religion, Draw Out Power


You were on level 4 of the Dungeon.
You worshipped Ru.
Ru was most pleased with you.
You visited 1 branch of the dungeon, and saw 4 of its levels.

You collected 202 gold pieces.

Inventory:

Hand Weapons
 h - a +0 mace of protection (weapon)
Armour
 a - a +0 robe
 i - a +1 leather armour of cold resistance (worn)
Jewellery
 j - an amulet of the acrobat
 k - a +4 ring of evasion
Scrolls
 b - 2 scrolls of amnesia {unknown}
 c - a scroll of vulnerability {unknown}
 d - a scroll of identify {unknown}
 e - a scroll of blinking {unknown}
 f - 2 scrolls of immolation {unknown}
 g - a scroll of teleportation {unknown}
 l - a scroll of brand weapon {unknown}


   Skills:
 - Level 2.1 Dodging
 + Level 6.0 Spellcasting


You couldn't memorise any spells.
You knew the following spells:

 Your Spells              Type           Power      Damage    Failure   Level
a - Foxfire               Conj/Fire      100%       2x1d9     1%          1
b - Conjure Flame         Conj/Fire      27%        6-21      4%          3
c - Inner Flame           Hex/Fire       27%        N/A       4%          3
d - Sticky Flame          Conj/Fire      27%        2d5       16%         4
e - Fireball              Conj/Fire      13%        3d7       38%         5
f - Apportation           Tloc           54%        N/A       1%          1
g - Static Discharge      Conj/Air       27%        N/A       2%          2
h - Mephitic Cloud        Conj/Pois/Air  27%        N/A       4%          3
Your spell library was empty.

Dungeon Overview and Level Annotations

Branches:
Dungeon (4/15)
 Temple: D:4-7

Altars:
Ru
Vehumet

Annotations:
D:4 Eustachio, Natasha


Innate Abilities, Weirdness & Mutations

You are immune to sickness and miasma.
You are immune to poison.
Your flesh is very heat resistant. (rF++)
You are vulnerable to cold. (rC-)
You cannot be stealthy.
You are sensitive to extremes of temperature. (rF-, rC-)
You float through the air rather than walking.
You learn spells naturally, not from books.
Your magical power is your life essence.
You have superior vitality. (+4 HP)


Message History

The quasit disappears in a puff of smoke!
Eustachio hits you with a +0 rapier.
Casting: Foxfire (safe; 1% risk of failure)
Confirm with . or Enter, or press ? or * to list all spells.
You conjure some foxfire!
The quasit bites you.
* * * LOW HITPOINT WARNING * * *
The quasit closely misses you. The quasit claws you.
* * * LOW HITPOINT WARNING * * *
You redirect Eustachio's attack!
Eustachio gestures wildly while chanting.
Eustachio blinks!
The foxfire hits the quasit.
The quasit resists.
The quasit is lightly wounded.
The foxfire hits the quasit.
The quasit resists.
The quasit is moderately wounded.
You redirect the white imp's attack!
The quasit is stunned by your conviction and fails to attack.
The quasit disappears in a puff of smoke!
Casting: Foxfire (safe; 1% risk of failure)
Confirm with . or Enter, or press ? or * to list all spells.
You conjure some foxfire!
* * * LOW HITPOINT WARNING * * *
The foxfire hits the white imp.
The white imp is burned terribly!
Flame seeps out of the white imp.
The white imp is moderately wounded.
Eustachio gestures wildly while chanting.
The foxfire hits Eustachio but does no damage.
Eustachio is heavily wounded.
Eustachio gestures wildly while chanting.
Found a stone staircase leading up.
There is an open door here.
A gnoll comes into view. It is wielding a +0 whip.
The gnoll shouts!
Eustachio mumbles some strange words.
There is a stone staircase leading up here.
The gnoll hits you with a +0 whip.
* * * LOW HITPOINT WARNING * * *
The shadow imp gestures at you. Pain shoots through your body!
You die...

###...........###..#..###.
#............ ##...###..
##.........#...##..##..#
#.[###...###....#.#...#
##..# ###..# #........##
#....# ##.####.......##
......###...##..........
......g.......####...##.
.......@.....# ##..###
..#.....55@..# #..# #
#...#.......# ##.## # ....
#...##5## ##...### ...
#...##8.8####.....#. #.
#...##.5.r.##..##.... #
....##8.5.r.8##.##....
...##.........##...##.
##.#8.........8#..####


You could see Eustachio, an iron imp (summoned), a gnoll, a crimson imp
(summoned, expiring) and a shadow imp (summoned).

Vanquished Creatures
  A black bear (D:4)
  3 hounds (D:4)
  An orc priest (D:4)
  A bullfrog skeleton (D:3)
  Natasha (twice) (D:4)
  An orc wizard (D:3)
  A gnoll (D:1)
  3 adders
  2 worms
  15 orcs
  2 ball pythons
  6 bats
  8 endoplasms
  4 giant cockroaches
  4 goblins
  4 hobgoblins
  13 jackals
  8 kobolds
  4 quokkas (D:2)
  2 frilled lizards (D:2)
  3 rats (D:1)
88 creatures vanquished.

Vanquished Creatures (collateral kills)
  2 foxfires (D:4)
2 creatures vanquished.

Vanquished Creatures (others)
  515 foxfires
515 creatures vanquished.

Grand Total: 605 creatures vanquished

Notes
Turn   | Place    | Note
-------+----------+-------------------------------------------
     0 | D:1      | FIQ the Djinni Fire Elementalist began the quest for the
                  | Orb.
     0 | D:1      | Reached XP level 1. HP: 15/15 MP: 0/0
   258 | D:1      | Reached XP level 2. HP: 12/21 MP: 0/0
   703 | D:1      | Found a faded altar of an unknown god.
   716 | D:1      | Became a worshipper of Ru the Awakened
   721 | D:1      | Gained mutation: You cannot be stealthy. [Ru sacrifice]
   771 | D:1      | Reached skill level 3 in Spellcasting
   972 | D:1      | Reached XP level 3. HP: 18/25 MP: 0/0
   972 | D:1      | Learned a level 1 spell: Apportation
  2269 | D:2      | Reached XP level 4. HP: 24/31 MP: 0/0
  3255 | D:3      | Reached skill level 4 in Spellcasting
  3255 | D:3      | Reached XP level 5. HP: 25/35 MP: 0/0
  3255 | D:3      | Learned a level 2 spell: Static Discharge
  4417 | D:4      | Noticed a black bear
  4422 | D:4      | Killed a black bear
  4423 | D:4      | Reached skill level 5 in Spellcasting
  4423 | D:4      | Reached XP level 6. HP: 32/40 MP: 0/0
  4613 | D:4      | Noticed Natasha
  4617 | D:4      | Killed Natasha
  4685 | D:4      | Gained mutation: You are sensitive to extremes of
                  | temperature. (rF-, rC-) [Ru sacrifice]
  4685 | D:4      | Reached * piety under Ru
  4685 | D:4      | Reached ** piety under Ru
  4685 | D:4      | Reached *** piety under Ru
  4804 | D:4      | Noticed Natasha
  4813 | D:4      | Killed Natasha
  4994 | D:4      | Noticed Natasha
  5161 | D:4      | Reached XP level 7. HP: 39/45 MP: 0/0
  5161 | D:4      | Learned a level 3 spell: Mephitic Cloud
  5352 | D:4      | Reached skill level 6 in Spellcasting
  5536 | D:4      | Noticed Eustachio
  5589 | D:4      | Killed from afar by a shadow imp

Illustrated notes

Levels and vault maps discovered:
D:1:      wheals_arrival_linesprint, layout_basic,
          shapermc_ecumenical_altar_starsandcircs, minmay_splitting_lines,
          minmay_misc_feat_ornament
D:2:      layout_loops_cross
D:3:      layout_loops_ring
D:4:      lemuel_castle_with_subvaults [lemuel_castle_interior_carwin_3],
          layout_layer_cave, elyvilon_altar_4, vehumet_crystals,
          minmay_misc_feat_cross, dk_noncrumbling_4, uniq_eustachio,
          uniq_natasha

Skill      XL: |  1  2  3  4  5  6  7 |
---------------+----------------------+-----
Stealth        | 0 |  0.0
Spellcasting   | 3 4 5 6 |  6.0
Dodging        | |  2.1

Action                   |  1- 3 |  4- 6 |  7- 9 || total
-------------------------+-------+-------+-------++-------
Melee: Unarmed           |     4 |    10 |       ||    14
       Mace              |       |       |     4 ||     4
 Cast: Foxfire           |    91 |   166 |    55 ||   312
       Inner Flame       |       |       |     2 ||     2
Invok: Sacrifice Stealth |     1 |       |       ||     1
       Sacrifice Resista |       |     1 |       ||     1
       Draw Out Power    |       |       |     1 ||     1
 Stab: Invisible         |       |       |     1 ||     1
Armor: Robe              |     1 |     8 |       ||     9
       Leather armour    |       |     5 |    24 ||    29
Dodge: Dodged            |     8 |    32 |    27 ||    67

Table legend: (Time is in decaauts)
 A = Elapsed time spent in this place.
 B = Non-inter-level travel time spent in this place.
 C = Inter-level travel time spent in this place.
 D = Time resting spent in this place.
 E = Time spent auto-exploring this place.
 F = Levels seen in this place.
 G = Mean time per level.
                   A        B        C        D        E       F      G
               +--------+--------+--------+--------+--------+-----+--------+
         Total |   5599 |   5478 |    121 |      0 |   4890 |   4 | 1399.8 |
       Dungeon |   5599 |   5478 |    121 |      0 |   4890 |   4 | 1399.8 |
               +--------+--------+--------+--------+--------+-----+--------+

Top non-repeatable levels by time:
     D:1: 1673 daAuts
     D:3: 1385 daAuts
     D:2: 1339 daAuts
     D:4: 1201 daAuts
